 Dungeon Crawl Stone Soup version 0.22.1-1-ga44c0e5 (webtiles) character file.

258 Folque the Digger (level 5, 0/41 HPs)
             Began as a Draconian Earth Elementalist on Oct 13, 2018.
             Killed by divine providence
             ... invoked by an orc priest
              (10 damage)
             ... on level 3 of the Dungeon.
             The game lasted 00:11:54 (3645 turns).

Folque the Digger (Draconian Earth Elementalist)    Turns: 3645, Time: 00:11:55

Health: 0/41       AC:  5    Str: 10    XL:     5   Next: 94%
Magic:  4/9        EV: 12    Int: 16    God:
Gold:   102        SH:  0    Dex: 15    Spells: 4/10 levels left

rFire    . . .     SeeInvis .   e - +1 hand axe (elec)
rCold    . . .     Gourm    .   (no shield)
rNeg     . . .     Faith    .   (armour unavailable)
rPois    .         Spirit   .   (helmet restricted)
rElec    .         Reflect  .   (no cloak)
rCorr    .         Harm     .   (no gloves)
MR       .....                  (no boots)
Stlth    ++........             (no amulet)
HPRegen  0.13/turn              k - +3 ring of dexterity
MPRegen  0.11/turn              (no ring)

@: no status effects
A: unfitting armour, cold-blooded, AC +5
a: no special abilities


You were on level 3 of the Dungeon.
You were not hungry.

You visited 1 branch of the dungeon, and saw 3 of its levels.

You collected 102 gold pieces.

Inventory:

Hand Weapons
 e - a +1 hand axe of electrocution (weapon)
 f - a +0 whip
 w - a +0 blowgun
Missiles
 b - 129 stones (quivered)
 v - 22 poisoned needles
Armour
 u - a +0 buckler
Jewellery
 k - a +3 ring of dexterity (left hand)
 p - an uncursed ring of fire {unknown}
Scrolls
 a - 5 scrolls of identify
 d - 4 scrolls of enchant weapon {unknown}
 g - 2 scrolls of teleportation {unknown}
 i - 2 scrolls of remove curse
 j - a scroll of amnesia {unknown}
 n - 3 scrolls of fear {unknown}
 s - a scroll of noise {unknown}
 x - a scroll of fog {unknown}
Potions
 h - a potion of lignification {unknown}
 l - a potion of agility {unknown}
 m - a potion of flight {unknown}
 o - a potion of berserk rage {unknown}
 q - a potion of might {unknown}
 r - a potion of heal wounds
Comestibles
 c - 6 rations
 t - 6 chunks of flesh


   Skills:
 - Level 2.1 Fighting
 - Level 2.0 Dodging
 - Level 1.7 Stealth
 + Level 3.1 Spellcasting
 - Level 2.0 Conjurations
 - Level 1.0 Transmutations
 * Level 5.0 Earth Magic


You had 4 spell levels left.
You knew the following spells:

 Your Spells              Type           Power        Failure   Level  Hunger
a - Sandblast             Erth           ###...       2%          1    None
b - Passwall              Tmut/Erth      ##......     9%          2    ##.....
c - Stone Arrow           Conj/Erth      ##....       13%         3    ###....

Your spell library contained the following spells:

 Spells                   Type           Power        Failure   Level  Hunger
 Petrify                  Tmut/Erth      ##......     47%         4    ####...
 Lee's Rapid Deconstruct  Erth           ###.......   54%         5    ######.


Dungeon Overview and Level Annotations

Branches:
Dungeon (3/15)

Altars:
Hepliaklqana
Trog

Annotations:
D:3 2 transporters, imbaray's ghost, amateur TrMo


Innate Abilities, Weirdness & Mutations

Your plain brown scales are hard. (AC +5)
You cannot fit into any form of body armour.
You are cold-blooded and may be slowed by cold attacks.


Message History

The orc priest calls down the wrath of Beogh upon you.
Pain shoots through your body!
* * * LOW HITPOINT WARNING * * *
You finish merging with the rock.
Casting: Passwall (safe; 9% risk of failure)
Confirm with . or Enter, or press ? or * to list all spells.
Aiming: Passwall (safe; 9% risk of failure)
Press: ? - help, Dir - move target cursor A rock wall.
You begin to meditate on the wall.
You continue meditating on the rock. x2
You finish merging with the rock.
Casting: Passwall (safe; 9% risk of failure)
Confirm with . or Enter, or press ? or * to list all spells.
Aiming: Passwall (safe; 9% risk of failure)
Press: ? - help, Dir - move target cursor A rock wall.
You begin to meditate on the wall.
You continue meditating on the rock. x2
The orc priest calls down the wrath of Beogh upon you.
Beogh smites you!
You die...

#.##...##W#.# ############...
#.##...##.#.# #...#.##.##.###
#....©.!.W#.# #.#.......#..#<
#.##...##r#.# #.........#..#)
#.##...##S#o#########.....#.#....
#....[...S#.o..##...#.###...#....
##8.....8##....#......# #...#.###
.#########.....#....#####........
.....©..........@........###..##.
####........#####........# #..##.
##...###.....<......).# #..##.
##### ##########.....####....
#.........>.#. #####
#####.#####.+. #...# #.##.####.
#...### #....# #. #.....# ####.#
#.


You could see an orc priest, imbaray's ghost, an adder, an orc, a quokka and a
ball python.

Vanquished Creatures
  An ogre (D:2)
  An iguana (D:2)
  3 gnolls (D:3)
  3 adders
  2 oozes
  A worm (D:2)
  3 leopard geckos
  5 orcs (D:3)
  15 bats
  3 giant cockroaches
  10 goblins
  7 hobgoblins
  4 jackals (D:1)
  A quokka (D:3)
  3 frilled lizards
  12 kobolds
  5 rats
79 creatures vanquished.

Notes
Turn   | Place    | Note
-------+----------+-------------------------------------------
     0 | D:1      | Folque the Draconian Earth Elementalist began the quest for
                  | the Orb.
     0 | D:1      | Reached XP level 1. HP: 14/14 MP: 3/3
   575 | D:1      | Reached skill level 1 in Fighting
   575 | D:1      | Reached XP level 2. HP: 17/23 MP: 5/5
  1033 | D:1      | Reached XP level 3. HP: 27/28 MP: 6/6
  1307 | D:1      | Learned a level 2 spell: Passwall
  1311 | D:1      | Learned a level 3 spell: Stone Arrow
  1676 | D:2      | Noticed an ogre
  1701 | D:2      | Reached skill level 4 in Earth Magic
  1701 | D:2      | Reached XP level 4. HP: 36/36 MP: 0/7
  2613 | D:2      | Killed an ogre
  2613 | D:2      | Reached skill level 1 in Conjurations
  2613 | D:2      | Reached XP level 5. HP: 41/41 MP: 1/9
  3414 | D:3      | Found a transporter.
  3415 | D:3      | Found a transporter.
  3415 | D:3      | Noticed imbaray's ghost (amateur TrMo)
  3485 | D:3      | Found a faded altar of an unknown god.
  3491 | D:3      | Reached skill level 5 in Earth Magic
  3568 | D:3      | Found a bloodstained altar of Trog.
  3573 | D:3      | Found a hazy altar of Hepliaklqana.
  3645 | D:3      | Killed from afar by an orc priest

Skill      XL: |  1  2  3  4  5 |
---------------+----------------+-----
Fighting       | 1 2 |  2.1
Earth Magic    | 4 5 |  5.0
Conjurations   | 1 2 |  2.0
Spellcasting   | 3 |  3.1
Dodging        | 2 |  2.0
Stealth        | |  1.7
Transmutations | |  1.0

Action                   |  1- 3 |  4- 6 || total
-------------------------+-------+-------++-------
Melee: Whip              |   109 |    21 ||   130
       Unarmed           |    13 |       ||    13
       Tailslap          |     9 |    11 ||    20
       Hand axe          |       |    59 ||    59
 Cast: Sandblast         |    13 |     3 ||    16
       Stone Arrow       |     1 |    11 ||    12
       Passwall          |       |     7 ||     7
  Use: Scroll            |     2 |       ||     2
       Potion            |       |     1 ||     1
 Stab: Sleeping          |     3 |     2 ||     5
  Eat: Chunk             |     3 |     8 ||    11
Armor: Skin              |    47 |    25 ||    72
Dodge: Dodged            |    98 |    51 ||   149
